AoeStats
← KK

Arabia

508815933Analyzed
1v1 RM · 9d ago on Sep 24, 2026· 24m 39s· 2 players
Game mode
Random Map
Map size
Tiny (2 player)
Population
200
Speed
Normal
Resources
Standard
Victory
Conquest
Starting age
Dark Age
Ending age
Imperial Age
RankedLock teamsTeams togetherTeam positionsShared explorationLock speedFull tech treeHidden civsTurbo modeCheats
Victory
Defeat
🇨🇳 Franks · China
1693
+22
🇨🇳 Chinese · China
1820
-22
KK
6:29 Loom
8:54 Feudal Age
9:23 Double-Bit Axe
20:06 Castle Age
18:45 Gold Mining
20:38 Scale Barding Armor
20:44 Forging
21:02 Bow Saw
22:31 Chain Barding Armor
22:50 Husbandry
24:29 Iron Casting
啊这
0:35 Loom
9:32 Feudal Age
10:59 Double-Bit Axe
11:01 Town Watch
20:08 Castle Age
19:05 Gold Mining
18:58 Horse Collar
20:32 Fletching
20:16 Crossbowman
21:29 Bodkin Arrow
23:37 Bow Saw
Connection lost

Rejoining the realm…

Still unreachable

The connection could not be restored.

Session expired

The server has moved on; the page needs a fresh start.